 Dungeon Crawl Stone Soup version 0.27.0-1-g7a089689b8 (webtiles) character file.

Game seed: 14024323879755134881

3 Spectrina the Ducker (level 1, 0/13 HPs)
             Began as a Deep Elf Monk on Aug 7, 2021.
             Slain by a goblin (4 damage)
             ... on level 3 of the Dungeon.
             The game lasted 00:01:17 (234 turns).

Spectrina the Ducker (Deep Elf Monk)                 Turns: 234, Time: 00:01:18

Health: 0/13       AC:  2    Str:  8    XL:     1   Next: 41%
Magic:  4/4        EV: 13    Int: 14    God:
Gold:   12         SH:  0    Dex: 17    Spells: 2/2 levels left

rFire    . . .     SeeInvis .   a - +0 short sword
rCold    . . .     Faith    .   (no shield)
rNeg     . . .     Spirit   .   b - +0 robe
rPois    .         Reflect  .   (no helmet)
rElec    .         Harm     .   (no cloak)
rCorr    .         Rampage  .   (no gloves)
Will     .....                  (no boots)
Stlth    ++........             (no amulet)
HPRegen  0.04/turn              (no ring)
MPRegen  0.09/turn              (no ring)

@: no status effects
A: no striking features
a: no special abilities


You were on level 3 of the Dungeon.
You visited 1 branch of the dungeon, and saw 4 of its levels.

You collected 12 gold pieces.

Inventory:

Hand Weapons
 a - a +0 short sword (weapon)
 c - a +0 hunting sling
Armour
 b - a +0 robe (worn)


   Skills:
 - Level 2.4 Fighting
 - Level 3.0 Short Blades
 - Level 3.6 Dodging
 - Level 2.4 Stealth
 + Level 1.3 Spellcasting


You had 2 spell levels left.
You didn't know any spells.
Your spell library was empty.

Dungeon Overview and Level Annotations

Branches:
Dungeon (4/15)
 Temple: D:4-7

Altars:
Cheibriados


Message History

The bat barely misses you.
Found a stone staircase leading up.
You closely miss the bat.
The bat is severely wounded.
The bat hits you. The bat barely misses you.
You hit the bat.
You kill the bat!
There is a stone staircase leading down here.
You climb downwards.
A goblin and 2 orcs come into view.
The orc shouts!
There is a stone staircase leading up here.
Unknown command.
Unknown command.
An orc comes into view. It is wielding a +0 hand axe.
The orc shouts! x2
You closely miss the goblin. The goblin barely misses you.
You hit the goblin.
The goblin is severely wounded.
The goblin hits you with a +0 club.
You completely miss the goblin.
The goblin is severely wounded.
The goblin closely misses you.
You aren't carrying any potions.
You miss the goblin.
The goblin is severely wounded.
The goblin misses you.
You barely miss the goblin.
The goblin is severely wounded.
The goblin hits you with a +0 club.
There is a stone staircase leading up here.
The goblin barely misses you.
You climb upwards.
There is a stone staircase leading down here.
Unknown command.
You hit the goblin but do no damage.
The goblin is severely wounded.
The goblin hits you with a +0 club.
You die...

######........#...#
#......#....###...#
.........#..# #.##
.>..........####.#
...............#.#
...............#.#
.................#
.................####
................@...#
##+###.....>....g...#
#....#...##....#
#...#######....#
##_..+... #....#
##.###... #....# #..
#....# #. #....#
#....#


You could see a goblin.

Vanquished Creatures
  A hobgoblin (D:3)
  A ball python (D:2)
  A bat (D:3)
  A kobold (D:2)
4 creatures vanquished.

Notes
Turn   | Place    | Note
-------+----------+-------------------------------------------
     0 | D:1      | Spectrina the Deep Elf Monk began the quest for the Orb.
     0 | D:1      | Reached XP level 1. HP: 13/13 MP: 3/3
   157 | D:3      | Reached skill level 1 in Spellcasting
   167 | D:3      | Found a snail-covered altar of Cheibriados.
   234 | D:3      | Slain by a goblin

Illustrated notes

Levels and vault maps discovered:
D:1:      nzn_arrival_water_spiral, layout_basic, fountainhead,
          serial_bayou_pond_d
D:2:      layout_basic, serial_shops, nicolae_shop_behind_doors, minivault_27
D:3:      kennysheep_the_goblin_king, layout_rooms,
          nicolae_tso_swordbearing_angel, lemuel_doored_altar,
          hellmonk_ecumenical_altar_slurped_away, minmay_misc_feat_square,
          nrook_campfire
D:4:      layout_loops_ring, minmay_temple_entry_offerings,
          minmay_tree_intersection, ebering_dispersal_statue_hall, uniq_sigmund

Skill      XL: |  1 |
---------------+----+-----
Spellcasting   | 1 |  1.3
Fighting       | |  2.4
Short Blades   | |  3.0
Dodging        | |  3.6
Stealth        | |  2.4

Action                   || total
-------------------------++-------
Melee: Short sword       ||    21
Armor: Robe              ||     3
Dodge: Dodged            ||    16
